 Dungeon Crawl Stone Soup version 0.30-a0-58-gc0703345a7 (webtiles) character file.

Game seed: 2235105787715219267

72 flotson the Sneak (level 4, 0/35 HPs)
             Began as a Demonspawn Delver on Sept 11, 2022.
             Succumbed to an orc's curare-tipped dart
             ... on level 3 of the Dungeon.
             The game lasted 00:02:30 (1183 turns).

flotson the Sneak (Demonspawn Delver)               Turns: 1183, Time: 00:02:31

Health: 0/35       AC:  6    Str: 11 (14) XL:     4   Next: 7%
Magic:  4/4        EV:  9    Int: 11 (12) God:
Gold:   24         SH:  0    Dex: 11 (14) Spells: 3/3 levels left

rFire   . . .      SeeInvis .    k - +0 halberd
rCold   . . .      Faith    .    (shield currently unavailable)
rNeg    . . .      Spirit   .    i - +0 scale mail
rPois   .          Reflect  .    (helmet restricted)
rElec   .          Harm     .    (no cloak)
rCorr   .          Rampage  .    (no gloves)
Will    .....                    (no boots)
Stlth   +.........               (no amulet)
HPRegen 0.11/turn                (no ring)
MPRegen 0.09/turn                (no ring)

@: lethally poisoned (0 -> -20), slowed, very slow
A: horns 1, ignite blood 1, demonic magic 1
a: no special abilities


You were on level 3 of the Dungeon.
You visited 1 branch of the dungeon, and saw 3 of its levels.

You collected 24 gold pieces.

Inventory:

Hand Weapons
 a - a +0 hand axe
 b - a +0 trident
 k - a +0 halberd (weapon)
Missiles
 l - 2 javelins (quivered)
Armour
 i - a +0 scale mail (worn)
Wands
 f - a wand of flame (7)
 g - a wand of digging (3)
Scrolls
 c - a scroll of fog
 d - a scroll of magic mapping
 j - a scroll of teleportation {unknown}


   Skills:
 + Level 3.4 Fighting
 + Level 2.3 Axes
 + Level 0.5 Throwing
 + Level 1.1 Armour
 + Level 2.3 Dodging
 - Level 4.5 Stealth
 + Level 1.3 Evocations


You had 3 spell levels left.
You didn't know any spells.
Your spell library contained the following spells:

 Spells                   Type           Power      Damage    Failure   Level
 Stone Arrow              Conj/Erth      0%         3d7       99%         3
 Animate Armour           Summ/Erth      0%         N/A       100%        4
 Lehudib's Crystal Spear  Conj/Erth      0%         10d2      100%        8


Dungeon Overview and Level Annotations

Branches:
Dungeon (5/15)
 Temple: D:4-7

Altars:
Ru


Innate Abilities, Weirdness & Mutations

You have a pair of small horns on your head.
Your demonic aura sometimes causes spilled blood to erupt in flames.
Spells you cast may paralyse adjacent enemies.


Message History

There is an open door here.
You open the door.
There is an open door here.
An orc comes into view. It is wielding a +0 club.
You puncture the orc!
You kill the orc!
No target in view!
No target in view!
No target in view!
No target in view!
No target in view!
No target in view!
An orc comes into view.
It is wielding a +0 dagger and quivering curare-tipped darts.
A rat comes into view.
The orc shouts!
You hear a shout! x3
The orc throws a curare-tipped dart.
The curare-tipped dart hits you.
You are poisoned.
You have difficulty breathing.
You feel yourself slow down.
An orc comes into view. It is wielding a +0 hand axe.
Found a pair of boots.
You feel very sick.
The orc shouts!
The orc throws a curare-tipped dart.
The curare-tipped dart hits you.
You are lethally poisoned!
You have difficulty breathing.
You feel as though you will be slow longer.
It was a potion of degeneration.
There was something very wrong with that liquid.
You feel weakened.
You feel dopey.
You feel clumsy.
* * * LOW HITPOINT WARNING * * *
You feel extremely sick.
An orc priest comes into view. It is wielding a +0 club.
An orc comes into view. It is wielding a +0 short sword.
An orc comes into view. It is wielding a +0 whip.
As you read the scroll of fear, it crumbles to dust.
You assume a fearsome visage.
The orc looks frightened! x2
The orc priest looks frightened!
The orc looks frightened!
The orc shouts!
The orc looks frightened!
You die...

.....'...'....###
###.##...####.# #
#...# #.# #.).#
#.# #...####.#
#......#'##
#.........#
##........###oo
.r.'.....@o..o.o.
####.............
#.............
##......#.....
#.######...## #.
...[ #. ..# ..#


You could see an orc priest (fleeing) and 4 orcs.

Vanquished Creatures
  Ijyb (D:3)
  4 gnolls (D:3)
  An orc (D:3)
  A hobgoblin (D:4)
  A frilled lizard (D:3)
8 creatures vanquished.

Vanquished Creatures (others)
  A plant (D:4)
1 creature vanquished.

Grand Total: 9 creatures vanquished

Notes
Turn   | Place    | Note
-------+----------+-------------------------------------------
     0 | D:5      | flotson the Demonspawn Delver began the quest for the Orb.
     0 | D:5      | Reached XP level 1. HP: 18/18 MP: 1/1
    19 | D:5      | Noticed an iguana
    26 | D:5      | Noticed a black bear
    27 | D:5      | Found a sacrificial altar of Ru.
    46 | D:4      | Noticed a black bear
   127 | D:3      | Noticed Ijyb
   452 | D:3      | Killed Ijyb
   453 | D:3      | Reached skill level 1 in Evocations
   453 | D:3      | Gained mutation: Your demonic aura sometimes causes spilled
                  | blood to erupt in flames. [demonic ancestry]
   453 | D:3      | Reached XP level 2. HP: 4/24 MP: 2/2
   453 | D:3      | Gained mutation: Spells you cast may paralyse adjacent
                  | enemies. [demonic ancestry]
   453 | D:3      | Reached XP level 3. HP: 5/29 MP: 3/3
   803 | D:3      | Reached skill level 1 in Armour
   849 | D:3      | Gained mutation: You have a pair of small horns on your
                  | head. [demonic ancestry]
   849 | D:3      | Reached XP level 4. HP: 8/35 MP: 4/4
  1183 | D:3      | Succumbed to an orc's curare-tipped dart

Illustrated notes

Levels and vault maps discovered:
D:3:      layout_basic, uniq_ijyb
D:4:      cheibrodos_old_hovel, layout_layer_cave,
          hellmonk_ghost_happy_afterlife, serial_park_tiny_1
D:5:      minmay_skewed_foursquare, layout_cave_pools, amcnicky_altar_gilded,
          mainiacjoe_overflow_alcove_1

Skill      XL: |  1  2  3 |
---------------+----------+-----
Axes           | 2 |  2.3
Dodging        | 2 |  2.3
Evocations     | 1 |  1.3
Armour         | 1 |  1.1
Fighting       | |  3.4
Throwing       | |  0.5
Stealth        | |  4.5

Action                   |  1- 3 |  4- 6 || total
-------------------------+-------+-------++-------
Melee: Trident           |    15 |       ||    15
       Hand axe          |     5 |       ||     5
       Punch             |     1 |       ||     1
       Halberd           |     9 |     3 ||    12
Throw: Javelin           |     4 |       ||     4
  Use: Potion            |     1 |     1 ||     2
       Scroll            |       |     1 ||     1
 Stab: Sleeping          |     1 |       ||     1
Armor: Scale mail        |     3 |       ||     3
       Leather armour    |     1 |       ||     1
Dodge: Dodged            |    16 |     1 ||    17

Table legend: (Time is in decaauts)
 A = Elapsed time spent in this place.
 B = Non-inter-level travel time spent in this place.
 C = Inter-level travel time spent in this place.
 D = Time resting spent in this place.
 E = Time spent auto-exploring this place.
 F = Levels seen in this place.
 G = Mean time per level.
                   A        B        C        D        E       F      G
               +--------+--------+--------+--------+--------+-----+--------+
         Total |   1175 |   1108 |     67 |    207 |    701 |   3 |  391.7 |
       Dungeon |   1175 |   1108 |     67 |    207 |    701 |   3 |  391.7 |
               +--------+--------+--------+--------+--------+-----+--------+

Top non-repeatable levels by time:
     D:3: 778 daAuts
     D:4: 354 daAuts
     D:5: 43 daAuts
